 Dungeon Crawl Stone Soup version 0.30.0-11-gf55b779eaf (webtiles) character file.

Game seed: 7795364475755209868

46 Firecrotchwizard the Chopper (level 3, 0/33 HPs)
             Began as a Hill Orc Monk on May 17, 2023.
             Slain by Ijyb
             ... wielding the +1 rapier "Dom Att" {flame, rN++ rCorr Dex+2}
              (6 damage)
             ... on level 3 of the Dungeon.
             The game lasted 00:01:46 (880 turns).

Firecrotchwizard the Chopper (Hill Orc Monk)         Turns: 880, Time: 00:01:47

Health: 0/33       AC:  6    Str: 15    XL:     3   Next: 66%
Magic:  3/3        EV: 10    Int: 10    God:
Gold:   93         SH:  0    Dex: 13    Spells: 2/2 levels left

rFire   . . .        a - +0 hand axe
rCold   . . .        d - orb {light}
rNeg    . . .        e - +0 scale mail
rPois   .            (no helmet)
rElec   .            (no cloak)
rCorr   .            (no gloves)
SInv    .            (no boots)
Will    .....        i - amulet of the acrobat Stlth
                     (no ring)
HPRegen 0.25/turn    (no ring)
MPRegen 0.08/turn

%: acrobat
@: glowing
A: no striking features
a: no special abilities


You were on level 3 of the Dungeon.
You visited 1 branch of the dungeon, and saw 3 of its levels.

You collected 93 gold pieces.

Inventory:

Hand Weapons
 a - a +0 hand axe (weapon)
Armour
 b - a +0 robe
 d - an orb of light (worn)
 e - a +0 scale mail (worn)
 h - a +0 plate armour of fire resistance
Jewellery
 i - an amulet of the acrobat (around neck)
Scrolls
 g - a scroll of identify {unknown}
 m - a scroll of enchant weapon {unknown}
 n - a scroll of poison {unknown}
 o - a scroll of brand weapon {unknown}
 p - a scroll of acquirement {unknown}
Potions
 f - a potion of brilliance {unknown}
 j - a potion of cancellation {unknown}
 k - a potion of might {unknown}
 l - a potion of curing {unknown}


   Skills:
 + Level 4.1 Fighting
 * Level 5.1 Axes
 + Level 1.5 Armour
 - Level 2.4 Dodging


You had 2 spell levels left.
You didn't know any spells.
Your spell library contained the following spells:

 Spells                   Type           Power      Damage    Failure   Level
 Beastly Appendage        Tmut           0%         N/A       83%         1
 Wereblood                Tmut           0%         N/A       92%         2
 Spider Form              Tmut/Pois      0%         N/A       99%         3


Dungeon Overview and Level Annotations

Branches:
Dungeon (3/15)

Altars:
Gozag

Annotations:
D:3 Ijyb


Message History

You hit the orc.
The orc is lightly wounded.
The orc hits you with a +0 falchion.
You hit the orc.
The orc is heavily wounded.
The orc barely misses you.
You barely miss the orc.
The orc is heavily wounded.
The orc closely misses you.
You hit the orc.
You kill the orc!
You hit Ijyb but do no damage.
Ijyb hits you with the +1 rapier "Dom Att" {flame, rN++ rCorr Dex+2}.
Ijyb burns you.
You hit Ijyb.
Ijyb is lightly wounded.
Ijyb hits you with the +1 rapier "Dom Att" {flame, rN++ rCorr Dex+2}.
Ijyb burns you.
You barely miss Ijyb.
Ijyb is lightly wounded.
Ijyb hits you with the +1 rapier "Dom Att" {flame, rN++ rCorr Dex+2}.
Ijyb burns you.
You hit Ijyb.
Ijyb is moderately wounded.
Ijyb closely misses you.
You hit Ijyb but do no damage.
Ijyb is moderately wounded.
Ijyb hits you but does no damage.
You hit Ijyb but do no damage.
Ijyb is moderately wounded.
Ijyb closely misses you.
You hit Ijyb.
Ijyb is heavily wounded.
Ijyb hits you with the +1 rapier "Dom Att" {flame, rN++ rCorr Dex+2}.
Ijyb burns you.
* * * LOW HITPOINT WARNING * * *
You aren't carrying any items that you can evoke.
You have nothing you can fire or use right now.
Unknown command.
You are too injured to fight recklessly!
You are too injured to fight recklessly!
You are too injured to fight recklessly!
You hit Ijyb but do no damage.
Ijyb is heavily wounded.
Ijyb hits you with the +1 rapier "Dom Att" {flame, rN++ rCorr Dex+2}.
* * * LOW HITPOINT WARNING * * *
Ijyb burns you.
* * * LOW HITPOINT WARNING * * *
You hit Ijyb.
Ijyb is heavily wounded.
Ijyb screams, "I dance on your bones!"
Ijyb hits you with the +1 rapier "Dom Att" {flame, rN++ rCorr Dex+2}.
* * * LOW HITPOINT WARNING * * *
Ijyb burns you.
* * * LOW HITPOINT WARNING * * *
You are confused.
You feel invigorated. Ijyb barely misses you.
You closely miss Ijyb.
Ijyb is heavily wounded.
Ijyb closely misses you. Ijyb attacks as you move away! Ijyb misses you.
Ijyb zaps a wand.
The bolt of dispelling energy misses you.
Ijyb zaps a wand.
The bolt of dispelling energy hits you!
Your magical effects are unravelling.
You feel less invigorated.
You feel less confused. Ijyb completely misses you. Ijyb completely misses you.
Things that are here:
a +0 falchion; an orc corpse Unknown command.
You hit Ijyb.
Ijyb is severely wounded.
Ijyb zaps a wand.
The bolt of dispelling energy hits you!
* * * LOW HITPOINT WARNING * * *
Ijyb barely misses you.
You hit Ijyb but do no damage.
Ijyb is severely wounded.
Ijyb misses you.
Unknown command.
You hit Ijyb but do no damage.
Ijyb is severely wounded.
Ijyb hits you but does no damage.
Unknown command.
You barely miss Ijyb.
Ijyb is severely wounded.
Ijyb zaps a wand.
The bolt of dispelling energy hits you!
* * * LOW HITPOINT WARNING * * *
You hit Ijyb.
Ijyb is severely wounded.
Ijyb barely misses you.
Unknown command.
You hit Ijyb.
Ijyb is severely wounded.
Ijyb hits you with the +1 rapier "Dom Att" {flame, rN++ rCorr Dex+2}.
You die...

#### #... #...
#... #...
###.#.######
##..........##
.......@.....##
........g.....#
...<..........#
..............#
..........<...#
..............#
.............##
.#..........##
############


You could see Ijyb.

Vanquished Creatures
  A gnoll (D:1)
  An orc (D:3)
  3 bats
  5 endoplasms (D:1)
  A giant cockroach (D:2)
  4 hobgoblins
  3 jackals (D:2)
  A quokka (D:1)
  6 ball pythons
  2 frilled lizards
  A goblin (D:1)
  A kobold (D:2)
  3 rats
32 creatures vanquished.

Notes
Turn   | Place    | Note
-------+----------+-------------------------------------------
     0 | D:1      | Firecrotchwizard the Hill Orc Monk began the quest for the
                  | Orb.
     0 | D:1      | Reached XP level 1. HP: 19/19 MP: 1/1
   257 | D:1      | Reached XP level 2. HP: 16/27 MP: 2/2
   437 | D:1      | Reached skill level 1 in Armour
   537 | D:1      | Reached XP level 3. HP: 18/33 MP: 3/3
   799 | D:2      | Found an opulent altar of Gozag.
   826 | D:2      | Reached skill level 5 in Axes
   854 | D:3      | Identified the +1 rapier "Dom Att" {flame, rN++ rCorr
                  | Dex+2}
   854 | D:3      | Noticed Ijyb
   880 | D:3      | Slain by Ijyb

Illustrated notes

Levels and vault maps discovered:
D:1:      dpeg_arrival_snail, layout_basic, st_stairs_5
D:2:      layout_basic, basic_altar, uniq_terence
D:3:      layout_rooms, general_overflow_altar, ebering_ghost_sewer_f,
          gup_sewer_entry_spiral, uniq_ijyb

Skill      XL: |  1  2  3 |
---------------+----------+-----
Armour         | 1 |  1.5
Fighting       | 4 |  4.1
Axes           | 5 |  5.1
Dodging        | |  2.4

Action                     || total
---------------------------++-------
  Melee: Hand axe          ||    88
    Use: Potion            ||     1
 Armour: Scale mail        ||    25
  Dodge: Dodged            ||    51
